 Dungeon Crawl Stone Soup version 0.30-b1-2-g02819fbbbe (webtiles) character file.

Game seed: 8435694878928970058

12246 Arum the Fighter (level 12, -6/116 HPs)
             Began as a Formicid Fighter on May 13, 2023.
             Was a High Priest of Ashenzari.
             Killed from afar by a molten gargoyle (13 damage)
             ... with a bolt of magma
             ... on level 11 of the Dungeon.
             The game lasted 00:20:22 (10118 turns).

Arum the Fighter (Formicid Fighter)                Turns: 10118, Time: 00:20:23

Health: -6/116     AC: 24    Str: 29    XL:     12   Next: 17%
Magic:  12/12      EV:  8    Int:  8    God:    Ashenzari [*****.]
Gold:   90         SH:  5    Dex: 13    Spells: 11/11 levels left

rFire   . . .        b - +4 quarterstaff of Ashenzari's Bitterness {chaos, Self, Comp} (curse)
rCold   + . .        c - +0 buckler "Astral Loss" {Melee, Comp} (curse)
rNeg    . . .        B - +0 plate armour "Per Aspera Ad Scientiam" {Bglg, Cun} (curse)
rPois   .            (helmet unavailable)
rElec   .            A - +2 cloak of Ashenzari's Blue Moon {Evo, Comp} (curse)
rCorr   +            D - +2 pair of gloves of Apeoromancy {Fort, Melee} (curse)
SInv    +            (no boots)
Will    +....        (no amulet) Stlth
                     k - ring of the All-seeing God {rCorr, Melee, Elem} (curse)
HPRegen 0.39/turn    v - ring of the Fated Doubts {+Blink Fly rC+ Str+3, Fort, Self} (curse)
MPRegen 0.13/turn

%: clarity
@: flying, studying Fighting, invisible (expiring)
A: permanent stasis, dig shafts and tunnels, antennae 3, four strong arms
a: Dig, Shaft Self, Renounce Religion, Shatter the Chains


You were on level 11 of the Dungeon.
You worshipped Ashenzari.
Ashenzari was extremely pleased with you.
You visited 1 branch of the dungeon, and saw 11 of its levels.
You visited 1 bazaar.

You collected 703 gold pieces.
You spent 613 gold pieces at shops.

Inventory:

Hand Weapons
 a - a +0 quarterstaff
 b - the cursed +4 quarterstaff of Ashenzari's Bitterness (weapon) {chaos, Self, Comp}
   (You took it off Crazy Yiuf on level 5 of the Dungeon)

   It has a curse which improves the following skills: Introspection: Fighting
   and Spellcasting.
   Companions: Summonings and Necromancy.
 y - the +8 great sword of the Crafting Stoat {heavy, Dex+3}
   (You found it on level 5 of the Dungeon)

   Dex:       It affects your dexterity (+3).
Armour
 c - the cursed +0 buckler "Astral Loss" (worn) {Melee, Comp}

   It has a curse which improves the following skills: Melee Combat: Short
   Blades, Long Blades, Axes, Maces & Flails, Polearms, Staves and Unarmed
   Combat.
   Companions: Summonings and Necromancy.
 A - the cursed +2 cloak of Ashenzari's Blue Moon (worn) {Evo, Comp}
   (You found it on level 5 of the Dungeon)

   It has a curse which improves the following skills: Evocations: Evocations.
   Companions: Summonings and Necromancy.
 B - the cursed +0 plate armour "Per Aspera Ad Scientiam" (worn) {Bglg, Cun}
   (You found it on level 5 of the Dungeon)

   It has a curse which improves the following skills: Beguiling: Conjurations,
   Hexes and Translocations.
   Cunning:   Dodging and Stealth.
 D - the cursed +2 pair of gloves of Apeoromancy (worn) {Fort, Melee}
   (You found it on level 7 of the Dungeon)

   It has a curse which improves the following skills: Fortitude: Armour and
   Shields.
   Melee Combat: Short Blades, Long Blades, Axes, Maces & Flails, Polearms,
   Staves and Unarmed Combat.
 M - the +4 chain mail of the Sun {Will+}
   (You bought it in a shop on level 11 of the Dungeon)

   Will:      It increases your willpower.
Jewellery
 k - the cursed ring of the All-seeing God (left hand) {rCorr, Melee, Elem}
   (You found it on level 1 of the Dungeon)

   [ring of resist corrosion]

   rCorr:     It protects you from acid and corrosion.
   It has a curse which improves the following skills: Melee Combat: Short
   Blades, Long Blades, Axes, Maces & Flails, Polearms, Staves and Unarmed
   Combat.
   Elements:  Fire Magic, Ice Magic, Air Magic and Earth Magic.
 m - a ring of magical power
 v - the cursed ring of the Fated Doubts (right hand) {+Blink Fly rC+ Str+3, Fort, Self}
   (You found it on level 4 of the Dungeon)

   [ring of flight]

   Str:       It affects your strength (+3).
   rC:        It protects you from cold.
   Fly:       It grants you flight.
   +Blink:    It lets you blink.
   It has a curse which improves the following skills: Fortitude: Armour and
   Shields.
   Introspection: Fighting and Spellcasting.
Wands
 d - a wand of flame (4)
 G - a wand of paralysis (12)
Scrolls
 h - 3 scrolls of poison
 i - 4 scrolls of magic mapping
 p - 2 scrolls of vulnerability
 q - 8 scrolls of identify
 r - 3 scrolls of fear
 s - 3 scrolls of noise
 u - 5 scrolls of amnesia
 w - 2 scrolls of brand weapon
 x - 3 scrolls of enchant weapon
 J - a scroll of fog
 K - a scroll of torment
 L - a scroll of immolation
 N - a scroll of butterflies
Potions
 e - 3 potions of invisibility
 g - 3 potions of flight
 j - 3 potions of brilliance
 l - 4 potions of mutation
 n - 6 potions of curing
 o - 2 potions of resistance
 t - a potion of lignification
 z - a potion of ambrosia
 C - 3 potions of attraction
 F - a potion of magic
 H - a potion of cancellation
Miscellaneous
 E - a piece from Xom's chessboard (15/15)
 I - a lightning rod (3/4)


   Skills:
 + Level 14.9(18.0) Fighting
 + Level 11.0(15.1) Staves
 + Level 12.3(15.4) Armour
 - Level 4.0(6.9) Shields


You had 11 spell levels left.
You didn't know any spells.
Your spell library contained the following spells:

 Spells                   Type           Power      Damage    Failure   Level
 Shock                    Conj/Air       0%         1d3       94%         1
 Slow                     Hex            0%         N/A       94%         1
 Beastly Appendage        Tmut           0%         N/A       95%         1
 Sting                    Tmut/Pois      0%         1d3       95%         1
 Lesser Beckoning         Tloc           0%         N/A       98%         2
 Poisonous Vapours        Pois/Air       0%         N/A       98%         2
 Wereblood                Tmut           0%         N/A       99%         2
 Vampiric Draining        Necr           1%         2d6       99%         3
 Confusing Touch          Hex            0%         N/A       100%        3
 Dazzling Flash           Conj/Hex       0%         N/A       100%        3
 Gell's Gravitas          Tloc           0%         N/A       100%        3
 Spider Form              Tmut/Pois      0%         N/A       100%        3
 Teleport Other           Tloc           0%         N/A       100%        3
 Tukima's Dance           Hex            0%         N/A       100%        3
 Airstrike                Air            0%         2d(0-16)  100%        4
 Olgreb's Toxic Radiance  Pois           0%         N/A       100%        4
 Passage of Golubria      Tloc           0%         N/A       100%        4
 Agony                    Necr           1%         N/A       100%        5
 Silence                  Hex/Air        0%         N/A       100%        5
 Yara's Violent Unravell  Hex/Tmut       0%         3d3       100%        5
 Swiftness                Air            Unusable   N/A       N/A         3

Dungeon Overview and Level Annotations

Branches:
Dungeon (11/15)            Temple (0/1) D:4            Lair (0/5) D:10
    Orc: D:9-12

Altars:
Ashenzari
Cheibriados
Fedhas
Gozag
Hepliaklqana
Kikubaaqudgha
Makhleb
Nemelex Xobeh
Qazlal
Sif Muna
Trog
Wu Jian
Yredelemnul
Zin
The Shining One

Shops:
D:7 ?   D:11 *


Innate Abilities, Weirdness & Mutations

You cannot be hasted, slowed, berserked, paralysed or teleported.
You can dig through walls and to a lower floor.
You have a pair of large antennae on your head. (SInv)
Your four strong arms can wield two-handed weapons with a shield.


Message History

The howler monkey howls!
You sock the ogre!
The ogre goes berserk!
The ogre is heavily wounded.
The howler monkey howls!
The ogre hits you with a +0 giant club!!!
* * * LOW HITPOINT WARNING * * *
A howler monkey comes into view.
The howler monkey howls!
You bludgeon the ogre!!
Space warps around the ogre.
The ogre is almost dead.
You kill the ogre!
You feel much better.
The howler monkey howls!
A molten gargoyle comes into view. It is wielding a +0 morningstar.
The molten gargoyle blasts magma at you!
The bolt of magma hits you!!
* * * LOW HITPOINT WARNING * * *
The howler monkey howls!
You feel much better.
You flicker for a moment.
The howler monkey howls! x2
The molten gargoyle blasts magma at you!
The bolt of magma hits you!
* * * LOW HITPOINT WARNING * * *
A molten gargoyle comes into view. It is wielding a +0 mace.
The howler monkey howls!
The molten gargoyle blasts magma at you!
The bolt of magma hits you!!
* * * LOW HITPOINT WARNING * * *
You feel better.
The molten gargoyle blasts magma at you!
The bolt of magma misses you.
The howler monkey howls!
The molten gargoyle blasts magma at you!
The bolt of magma hits you!
* * * LOW HITPOINT WARNING * * *
The molten gargoyle blasts magma at you!
The bolt of magma hits the molten gargoyle!
The molten gargoyle partially resists.
The bolt of magma hits you!
You die...

# **,{≈≈≈≈~~,*,* ######
*,#.≈≈≈§§≈~,** .[...#
###..≈§88§§,*,*
.)...#########..#.≈§88≈§,,**
..........)).9)#9≈≈≈≈§§§,*,*
.....#########..#.≈≈≈≈§~,,*******
.....# #9#.9.≈.§§,,*,,,,,,,
..>..# #..#.#.#.*,*,*******
.....# ###@#.#,*,*,*,* .....#
###*#******** ######


You could see 3 molten gargoyles.

Vanquished Creatures
  5 two-headed ogres
  A harpy (shapeshifter) (D:9)
  An ugly thing (D:9)
  A cyclops (D:9)
  3 komodo dragons (D:11)
  3 trolls
  2 slime creatures (D:6)
  A yak (D:8)
  3 wyverns
  Grum (D:10)
  A steam dragon (D:10)
  A vampire mosquito (D:9)
  2 water moccasins
  An ice beast (D:6)
  An orc warrior (D:8)
  A sky beast (D:7)
  10 ogres
  4 wolves (D:10)
  A phantom (D:5)
  A centaur (D:10)
  8 kobold brigands
  2 bullfrogs
  A gnoll sergeant (D:5)
  3 scorpions
  6 wights
  13 killer bees
  4 howler monkeys
  7 electric eels (D:10)
  7 hounds
  3 orc priests
  7 jellies
  A gnoll bouda (D:7)
  Crazy Yiuf (D:5)
  2 sleepcaps
  Jessica (D:2)
  2 iguanas
  4 orc wizards
  8 gnolls
  5 adders
  A shadow imp (D:8)
  3 white imps
  An ufetubus (D:6)
  5 worms
  3 dart slugs
  28 orcs
  4 bats
  5 bat skeletons (D:6)
  13 endoplasms
  8 giant cockroaches
  6 goblins
  3 hobgoblins
  3 jackals (D:2)
  2 quokkas
  7 ball pythons
  2 frilled lizards
  18 kobolds
  2 rats
243 creatures vanquished.

Vanquished Creatures (others)
  Lodul (D:11)
  An orc wizard (D:8)
  4 fungi (D:10)
  11 toadstools (D:6)
17 creatures vanquished.

Grand Total: 260 creatures vanquished

Notes
Turn   | Place    | Note
-------+----------+-------------------------------------------
     0 | D:1      | Arum the Formicid Fighter began the quest for the Orb.
     0 | D:1      | Reached XP level 1. HP: 18/18 MP: 1/1
   103 | D:1      | Reached XP level 2. HP: 24/24 MP: 2/2
   461 | D:1      | Reached XP level 3. HP: 30/30 MP: 3/3
  1139 | D:2      | Reached skill level 4 in Fighting
  1185 | D:2      | Reached XP level 4. HP: 37/37 MP: 4/4
  1418 | D:2      | Noticed Jessica
  1422 | D:2      | Killed Jessica
  1502 | D:3      | Found a broken altar of Ashenzari.
  1513 | D:3      | Became a worshipper of Ashenzari the Shackled
  1846 | D:3      | Found a glowing silver altar of Zin.
  2056 | D:3      | Found a blossoming altar of Fedhas.
  2138 | D:4      | Found a staircase to the Ecumenical Temple.
  2148 | D:4      | Reached XP level 5. HP: 43/43 MP: 5/5
  2429 | D:4      | Reached * piety under Ashenzari
  2563 | D:4      | Noticed an ogre
  2571 | D:4      | Killed an ogre
  2572 | D:4      | Reached XP level 6. HP: 50/50 MP: 6/6
  2602 | D:4      | Reached skill level 5 in Fighting
  2602 | D:4      | Reached skill level 5 in Armour
  2812 | D:4      | Identified the ring of Taw Jem {+Blink Fly rC+ Str+3}
  2812 | D:4      | Found a hazy altar of Hepliaklqana.
  2904 | D:5      | Entered Level 5 of the Dungeon
  3102 | D:5      | Reached XP level 7. HP: 50/56 MP: 7/7
  3169 | D:5      | Identified the +8 great sword of the Crafting Stoat {heavy,
                  | Dex+3}
  3349 | D:5      | Reached skill level 6 in Fighting
  3351 | D:5      | Reached skill level 5 in Staves
  3572 | D:5      | Reached ** piety under Ashenzari
  3574 | D:5      | Found a runed translucent door.
  3575 | D:5      | Noticed Crazy Yiuf
  3580 | D:5      | Killed Crazy Yiuf
  3581 | D:5      | Reached XP level 8. HP: 64/64 MP: 8/8
  4092 | D:6      | Reached skill level 7 in Fighting
  4297 | D:6      | Noticed a slime creature
  4304 | D:6      | Reached XP level 9. HP: 72/72 MP: 9/9
  4320 | D:6      | Reached skill level 8 in Fighting
  4576 | D:6      | Reached *** piety under Ashenzari
  5182 | D:6      | Found an ancient bone altar of Kikubaaqudgha.
  5269 | D:7      | Identified a scroll of acquirement
  5335 | D:7      | Acquired a manual of Fighting
  5663 | D:7      | Reached skill level 9 in Fighting
  5908 | D:7      | Reached XP level 10. HP: 73/83 MP: 10/10
  6011 | D:7      | Found Ixoakoiw's Magic Scroll Shoppe.
  6035 | D:7      | Bought a scroll of brand weapon for 123 gold pieces
  6328 | D:8      | Found a basalt altar of Yredelemnul.
  6356 | D:8      | Reached skill level 10 in Fighting
  6565 | D:8      | Found a stormy altar of Qazlal.
  6759 | D:8      | Found Atzuc's Weapon Emporium.
  6935 | D:8      | Noticed a two-headed ogre
  6967 | D:8      | Killed a two-headed ogre
  6968 | D:8      | Reached skill level 11 in Fighting
  6968 | D:8      | Reached skill level 10 in Armour
  7121 | D:8      | Reached **** piety under Ashenzari
  7161 | D:9      | Noticed a cyclops
  7161 | D:9      | Noticed a harpy
  7166 | D:9      | Killed a harpy
  7406 | D:9      | Killed a cyclops
  7556 | D:9      | Noticed a white ugly thing
  7572 | D:9      | Killed a white ugly thing
  7573 | D:9      | Reached skill level 12 in Fighting
  7573 | D:9      | Reached XP level 11. HP: 84/100 MP: 11/11
  8086 | D:9      | Found a bloodstained altar of Trog.
  8086 | D:9      | Found a burning altar of Makhleb.
  8086 | D:9      | Found a shimmering blue altar of Sif Muna.
  8087 | D:9      | Found a glowing golden altar of the Shining One.
  8087 | D:9      | Found an ornate altar of the Wu Jian Council.
  8133 | D:10     | Entered Level 10 of the Dungeon
  8137 | D:10     | Found a snail-covered altar of Cheibriados.
  8162 | D:10     | Noticed a two-headed ogre
  8172 | D:10     | Killed a two-headed ogre
  8177 | D:10     | Found a sparkling altar of Nemelex Xobeh.
  8215 | D:10     | Reached skill level 13 in Fighting
  8240 | D:10     | Reached skill level 10 in Staves
  8479 | D:10     | Found a staircase to the Lair.
  8511 | D:10     | Found an opulent altar of Gozag.
  8938 | D:10     | Identified the +1 robe of the Other World {rPois Regen+
                  | Dex-4 Slay+5}
  8953 | D:10     | Noticed Grum
  8976 | D:10     | Killed Grum
  9313 | D:11     | Noticed a two-headed ogre
  9325 | D:11     | Killed a two-headed ogre
  9351 | D:11     | Reached skill level 14 in Fighting
  9362 | D:11     | Found a flickering gateway to a bazaar.
  9372 | Bazaar   | Entered a bazaar
  9418 | Bazaar   | Found Wepted's Jewellery Boutique.
  9440 | Bazaar   | Found Kagiz's Antique Armour Emporium.
  9461 | Bazaar   | Found Diphoked's Assorted Antiques.
  9466 | Bazaar   | Bought a scroll labelled DIYGONGUMY for 43 gold pieces
  9481 | Bazaar   | Found Kiprocak's Antique Weapon Shoppe.
  9523 | Bazaar   | Bought a translucent scale mail for 216 gold pieces
  9523 | Bazaar   | Identified the +0 scale mail of Lupor {Str+3} (You bought
                  | it in a shop in a bazaar)
  9563 | D:11     | Identified the +5 chain mail of the Cooper {rCorr Dex+3}
  9723 | D:11     | Noticed a two-headed ogre
  9738 | D:11     | Killed a two-headed ogre
  9928 | D:11     | Found Guaskux's Assorted Antiques.
  9938 | D:11     | Bought a pitted chain mail for 209 gold pieces
  9938 | D:11     | Identified the +4 chain mail of the Sun {Will+} (You bought
                  | it in a shop on level 11 of the Dungeon)
  9938 | D:11     | Bought a scroll labelled GOKUIL WEUNI for 22 gold pieces
  9991 | D:11     | Noticed a two-headed ogre
  9992 | D:11     | Reached ***** piety under Ashenzari
 10001 | D:11     | Killed a two-headed ogre
 10002 | D:11     | Reached XP level 12. HP: 92/116 MP: 12/12
 10080 | D:11     | Noticed Lodul
 10107 | D:11     | Killed Lodul
 10118 | D:11     | Killed from afar by a molten gargoyle

Illustrated notes

Levels and vault maps discovered:
D:1:      minmay_arrival_radiant_lines, layout_loops_ring, eino_curves_04
D:2:      layout_basic, uniq_jessica
D:3:      layout_basic, lemuel_round_altar, mainiacjoe_overflow_small_starburst,
          lemuel_doored_altar
D:4:      layout_basic, nzn_hepliaklqana_mist_gate,
          minmay_temple_entry_large_hall
D:5:      layout_basic, uniq_crazy_yiuf_cottage
D:6:      cheibrodos_fertilizer, layout_basic, kennysheep_vampire_church
D:7:      layout_basic, serial_shops, nicolae_square_shop
D:8:      layout_basic, mainiacjoe_overflow_24_doors, old_standard_altar,
          minmay_misc_feat_four_crosses, kennysheep_windowed_goal
D:9:      cheibrodos_elevator_heist, layout_gridville, minitemple,
          minmay_misc_feat_tower
D:10:     layout_roguey, mainiacjoe_overflow_cross_hatched,
          mainiacjoe_overflow_paths, lemuel_crystal_altar, erik_lair_island,
          dreamdust_wishing_well, water_boxes_lemuel, uniq_grum
D:11:     layout_roguey, serial_shops, bzr_entry_water, shop, kennysheep_mini,
          shop, nicolae_shop_real_fake_doors, grunt_ministairs_6, minivault_8,
          uniq_lodul

Skill      XL: |  1  2  3  4  5  6  7  8  9 10 11 12 |
---------------+-------------------------------------+-----
Fighting       | 4 5 6 7 9 12 14 | 14.9
Armour         | 4 5 6 7 9 10 12 | 12.3
Staves         | 3 4 5 6 7 9 10 11 | 11.0
Shields        | |  4.0

Action                     |  1- 3 |  4- 6 |  7- 9 | 10-12 || total
---------------------------+-------+-------+-------+-------++-------
  Melee: Quarterstaff      |    96 |   116 |   250 |   271 ||   733
 Invoke: Curse Item        |       |     2 |     3 |     3 ||     8
         Shatter the Chain |       |       |     1 |       ||     1
Ability: Dig               |       |       |     4 |       ||     4
  Evoke: Wand              |       |       |       |    11 ||    11
         Lightning rod     |       |       |       |     1 ||     1
    Use: Scroll            |       |       |     1 |     2 ||     3
         Potion            |       |       |     1 |     5 ||     6
   Stab: Paralysed         |       |       |     1 |     2 ||     3
         Petrifying        |       |       |       |     2 ||     2
         Petrified         |       |       |       |     1 ||     1
         Invisible         |       |       |       |     2 ||     2
 Armour: Scale mail        |    42 |    34 |     9 |       ||    85
         Plate armour      |       |       |   122 |    82 ||   204
  Dodge: Dodged            |    43 |    39 |    62 |    60 ||   204
  Block: Buckler           |    25 |    26 |    47 |    47 ||   145
